 Dungeon Crawl Stone Soup version 0.24.1 (webtiles) character file.

Game seed: 3860580677678498137, levelgen mode: deterministic

84 jinete the Shooter (level 4, -3/36 HPs)
             Began as a Centaur Hunter on Apr 7, 2020.
             Slain by a river rat (5 damage)
             ... on level 3 of the Dungeon.
             The game lasted 00:29:58 (1682 turns).

jinete the Shooter (Centaur Hunter)                 Turns: 1682, Time: 00:29:59

Health: -3/36      AC:  5    Str: 14    XL:     4   Next: 24%
Magic:  4/4        EV:  8    Int: 10    God:
Gold:   87         SH:  0    Dex: 11    Spells: 3/3 levels left

rFire    x . .     SeeInvis .   o - +0 spear
rCold    + . .     Gourm    .   (no shield)
rNeg     . . .     Faith    .   j - +0 ring mail
rPois    .         Spirit   .   (no helmet)
rElec    .         Reflect  .   (no cloak)
rCorr    .         Harm     .   (no gloves)
MR       .....                  (no barding)
Stlth    ..........             (no amulet)
HPRegen  0.12/turn              u - ring of ice (curse)
MPRegen  0.09/turn              (no ring)

@: very quick
A: large, hooves 3, deformed body, speed 2, tough skin 3
a: no special abilities


You were on level 3 of the Dungeon.
You were not hungry.

You visited 1 branch of the dungeon, and saw 3 of its levels.

You collected 87 gold pieces.

Inventory:

Hand Weapons
 a - a +1 shortbow
 b - a +0 short sword
 e - a +0 dagger
 g - a +0 dagger
 h - a +0 whip
 l - a +0 dagger
 o - a +0 spear (weapon)
 q - a +0 short sword
 t - a +0 mace of holy wrath
Missiles
 d - 15 arrows
 r - 79 stones (quivered)
Armour
 c - a +0 leather armour
 j - a +0 ring mail (worn)
 v - a +0 leather armour
Jewellery
 u - a cursed ring of ice (left hand)
Scrolls
 i - 4 scrolls of identify
 p - a scroll of remove curse
 w - a scroll of amnesia {unknown}
 x - a scroll of fear {unknown}
Potions
 k - a potion of invisibility {unknown}
 m - a potion of flight {unknown}
 n - a potion of ambrosia {unknown}
 s - a potion of curing {unknown}
Comestibles
 f - 4 rations


   Skills:
 + Level 2.2 Fighting
 + Level 0.4 Short Blades
 + Level 0.4 Polearms
 + Level 6.8 Bows
 + Level 1.0 Armour
 + Level 1.5 Dodging
 + Level 0.4 Stealth


You had 3 spell levels left.
You didn't know any spells.
Your spell library was empty.

Dungeon Overview and Level Annotations

Branches:
Dungeon (3/15)

Altars:
Fedhas

Portals:
Sewer: D:3


Innate Abilities, Weirdness & Mutations

You have hooves in place of feet.
Armour fits poorly on your strangely shaped body.
You cover ground very quickly.
You have extremely tough skin. (AC +3)


Message History

You completely miss the giant cockroach.
Your kick misses the giant cockroach.
The giant cockroach is almost dead.
The giant cockroach bites you but does no damage.
You hit the giant cockroach.
You kill the giant cockroach!
You hit the river rat but do no damage. Your kick misses the river rat.
The river rat bites you but does no damage.
You barely miss the river rat. Your kick misses the river rat.
The river rat bites you.
You barely miss the river rat. Your kick misses the river rat.
The river rat bites you.
You hit the river rat but do no damage. Your kick misses the river rat.
The river rat bites you. The river rat bites you!
You hit the river rat but do no damage. The river rat bites you.
* * * LOW HITPOINT WARNING * * *
You hit the river rat but do no damage. The river rat bites you.
* * * LOW HITPOINT WARNING * * *
You closely miss the river rat. The river rat bites you.
You die...

#.#####.######..#
#.# #.######..#
#.# #.##......#
#.# #.##.###.##
#.# #.##.# #.#
..#
#.##.###.#####
..# #........#...
..#
####.#####.####
..# #...†.†@...#
..#
#######r##.#.#.
.## ####..##.....
.# #..........#
.# #..........#
## #...≈≈≈....#
#..≈≈≈≈≈...#
#(.≈≈∩≈(...#
#.(≈≈≈≈≈...#


You could see a river rat.

Vanquished Creatures
  3 adders
  A worm (D:2)
  2 dart slugs
  A leopard gecko (D:3)
  12 bats
  3 giant cockroaches
  5 goblins
  2 hobgoblins
  5 jackals
  7 kobolds
  A quokka (D:3)
  4 frilled lizards
  6 rats
52 creatures vanquished.

Notes
Turn   | Place    | Note
-------+----------+-------------------------------------------
     0 | D:1      | jinete the Centaur Hunter began the quest for the Orb.
     0 | D:1      | Reached XP level 1. HP: 17/17 MP: 1/1
   149 | D:1      | Reached XP level 2. HP: 18/24 MP: 2/2
   179 | D:1      | Reached skill level 6 in Bows
   351 | D:2      | Reached XP level 3. HP: 8/29 MP: 3/3
   749 | D:2      | Found a blossoming altar of Fedhas.
  1177 | D:3      | Reached XP level 4. HP: 20/36 MP: 4/4
  1258 | D:3      | Reached skill level 1 in Armour
  1634 | D:3      | Found a glowing drain.
  1682 | D:3      | Slain by a river rat

Levels and vault maps discovered:
D:1:      wander_arrival_lonely_grave, layout_rooms,
          chequers_serial_rivers_micro_e
D:2:      layout_basic, nicolae_overflow_crystal_walls
D:3:      layout_loops_corners, portal_sewer_entry_a

Skill      XL: |  1  2  3  4 |
---------------+-------------+-----
Bows           | 6 |  6.8
Armour         | 1 |  1.0
Fighting       | |  2.2
Short Blades   | |  0.4
Polearms       | |  0.4
Dodging        | |  1.5
Stealth        | |  0.4

Action                   |  1- 3 |  4- 6 || total
-------------------------+-------+-------++-------
Melee: Short sword       |     9 |       ||     9
       Kick              |     2 |     2 ||     4
       Shortbow          |     1 |     1 ||     2
       Spear             |     9 |    19 ||    28
 Fire: Shortbow          |   106 |    33 ||   139
  Use: Scroll            |     2 |       ||     2
       Potion            |     2 |       ||     2
  Eat: Ration            |     1 |       ||     1
Armor: Leather armour    |    26 |       ||    26
       Ring mail         |       |    22 ||    22
Dodge: Dodged            |    43 |    14 ||    57
